 Dungeon Crawl Stone Soup version 0.31-a0-795-g5eb97db20b (webtiles) character file.

Game seed: 4757522115083923701

207 patchburns1 the Trooper (level 5, 0/42 (47) HPs)
             Began as a Hill Orc Fighter on Nov 25, 2022.
             Was an Initiate of Beogh.
             Slain by Sigmund
             ... wielding a +0 scythe
              (7 damage)
             ... on level 5 of the Dungeon on Sept 18, 2023.
             The game lasted 00:22:59 (4108 turns).

patchburns1 the Trooper (Hill Orc Fighter)          Turns: 4108, Time: 00:23:00

HP:   0/42 (47)     AC: 10    Str: 21    XL:     5   Next: 85%
MP:   7/7           EV:  8    Int:  8    God:    Beogh [......]
Gold: 20            SH:  4    Dex: 10    Spells: 4/4 levels left

rFire   . . .        a - +0 war axe
rCold   . . .        c - +0 buckler
rNeg    . . .        k - +0 chain mail
rPois   .            (no helmet)
rElec   .            D - scarf {+Inv}
rCorr   .            (no gloves)
SInv    .            x - +0 pair of boots
Will    .....        (no amulet) Stlth
                     (no ring)
HPRegen 0.27/turn    (no ring)
MPRegen 0.10/turn

%: no passive effects
@: heavily drained
A: no striking features
a: Renounce Religion, Evoke Invisibility


You were on level 5 of the Dungeon.
You worshipped Beogh.
Beogh was noncommittal.
You visited 1 branch of the dungeon, and saw 5 of its levels.

You collected 190 gold pieces.
You spent 170 gold pieces at shops.

Inventory:

Hand Weapons
 a - a +0 war axe (weapon)
 j - a +0 sling
 n - a +2 dagger of speed
 y - the +7 arbalest "Ylalem" {heavy, Will++}
   (You found it on level 3 of the Dungeon)

   Will++:    It greatly increases your willpower.
 z - a +2 heavy long sword
 C - a +4 falchion
 F - a +0 dagger of protection
Missiles
 e - 28 stones (quivered)
Armour
 b - a +0 scale mail
 c - a +0 buckler (worn)
 k - a +0 chain mail (worn)
 o - a +0 cloak
 x - a +0 pair of boots (worn)
 D - a scarf of invisibility (worn)
 G - a +1 robe of the Archmagi
Scrolls
 g - a scroll of butterflies {unknown}
 h - 2 scrolls of vulnerability {unknown}
 i - 3 scrolls of fear {unknown}
 l - a scroll of torment {unknown}
 p - 2 scrolls of poison {unknown}
 q - 2 scrolls of teleportation {unknown}
 r - a scroll of silence {unknown}
 t - a scroll of enchant weapon {unknown}
 u - 2 scrolls of revelation {unknown}
 A - a scroll of enchant armour {unknown}
 B - a scroll of blinking {unknown}
 E - 2 scrolls of identify
Potions
 d - 2 potions of might
 f - a potion of attraction
 m - 2 potions of lignification
 s - 2 potions of curing {unknown}
 v - a potion of magic {unknown}
 w - 2 potions of mutation {unknown}


   Skills:
 * Level 4.7 Fighting
 + Level 3.4 Axes
 + Level 1.0 Throwing
 + Level 3.8 Armour
 + Level 1.2 Dodging
 + Level 3.8 Shields
 * Level 2.8 Invocations
 + Level 1.3 Evocations


You had 4 spell levels left.
You didn't know any spells.
Your spell library contained the following spells:

 Spells                   Type           Power      Damage    Failure   Level
 Dazzling Flash           Conj/Hex       0%         N/A       100%        3
 Agony                    Necr           0%         N/A       100%        5
 Silence                  Hex/Air        0%         N/A       100%        5


Dungeon Overview and Level Annotations

Branches:
Dungeon (5/15)
 Temple: D:4-7

Altars:
Sif Muna

Shops:
D:4 ([[*[   D:5 :

Annotations:
D:5 Sigmund


Message History

Sigmund is almost dead.
You barely miss Sigmund.
Sigmund is almost dead.
Sigmund hits you but does no damage.
You closely miss Sigmund.
Sigmund is almost dead.
Sigmund hits you with a +0 scythe!
You closely miss Sigmund.
Sigmund is almost dead.
Sigmund hits you with a +0 scythe.
You barely miss Sigmund.
Sigmund is almost dead.
Sigmund hits you with a +0 scythe.
You closely miss Sigmund.
Sigmund is almost dead.
Sigmund mumbles some strange words.
Sigmund flickers and vanishes!
Deactivating autopickup; reactivate with Ctrl-A.
You barely miss something. Something hits you but does no damage.
You barely miss something. Something hits you!
You miss something. Something completely misses you.
You barely miss something.
You hear some strange, mumbled words.
You are confused.
Something hits you but does no damage.
You're too confused to move!
Something hits you but does no damage.
You bump into the tree.
Something hits you!
You completely miss something. Something hits you.
* * * LOW HITPOINT WARNING * * *
You hear some strange, mumbled words.
A puff of flame appears from out of thin air!
The puff of flame hits you.
* * * LOW HITPOINT WARNING * * *
You feel less confused. Something hits you.
* * * LOW HITPOINT WARNING * * *
You hit something. Something hits you!
You die...

.... #.......♣.......
#.####......♣.♣......
.. ........♣...♣.....
##.....♣..∩..♣..
........♣...♣.....
###......♣.♣......
##......♣.......
##...{.........
#>...@.$....#..
#..............
#..)...........
#..............
#..............
##............
............
#............


There were no monsters in sight!

Vanquished Creatures
  A hound (D:4)
  An orc priest (D:5)
  An orc wizard (D:5)
  4 adders
  2 worms
  3 dart slugs
  5 orcs
  2 ball pythons
  2 bats (D:3)
  6 endoplasms
  A giant cockroach (D:1)
  6 goblins
  5 hobgoblins
  8 jackals (D:4)
  7 kobolds
  3 quokkas
  7 frilled lizards
  6 rats
70 creatures vanquished.

Vanquished Creatures (others)
  2 orc priests (D:4)
2 creatures vanquished.

Grand Total: 72 creatures vanquished

Notes
Turn   | Place    | Note
-------+----------+-------------------------------------------
     0 | D:1      | patchburns1 the Hill Orc Fighter began the quest for the
                  | Orb.
     0 | D:1      | Reached XP level 1. HP: 19/19 MP: 1/1
    94 | D:1      | Reached XP level 2. HP: 21/27 MP: 2/2
   106 | D:1      | Reached skill level 1 in Invocations
   220 | D:1      | Found a faded altar of an unknown god.
   558 | D:2      | Reached skill level 4 in Fighting
   558 | D:2      | Reached XP level 3. HP: 28/33 MP: 2/4
   648 | D:2      | You fall into a shaft and drop 2 floors!
  1173 | D:2      | Reached XP level 4. HP: 40/40 MP: 5/5
  1969 | D:3      | Reached skill level 1 in Evocations
  2377 | D:3      | Identified the +7 arbalest "Ylalem" {vorpal, Will++}
  2633 | D:4      | Found Dabame's Armour Boutique.
  3162 | D:4      | Became a worshipper of Beogh the Brigand
  3196 | D:4      | Found Apiny's Armour Shop.
  3204 | D:4      | Bought a scarf of invisibility for 132 gold pieces
  3269 | D:4      | Found Wudghai's Assorted Antiques.
  3285 | D:4      | Bought a scroll of identify for 38 gold pieces
  3289 | D:4      | Found Kyin's Antique Armour Boutique.
  3384 | D:4      | Reached skill level 1 in Dodging
  3384 | D:4      | Reached XP level 5. HP: 42/47 MP: 6/6
  3532 | D:4      | Found Uxtipnec's Weapon Emporium.
  3897 | D:5      | Entered Level 5 of the Dungeon
  3915 | D:5      | Reached skill level 1 in Throwing
  4067 | D:5      | Found a shimmering blue altar of Sif Muna.
  4067 | D:5      | Found Zaujies's Book Shoppe.
  4076 | D:5      | Upgraded the game from 0.30-a0-374-g95c0257040 to
                  | 0.31-a0-795-g5eb97db20b
  4077 | D:5      | Noticed Sigmund
  4108 | D:5      | Slain by Sigmund

Illustrated notes

Levels and vault maps discovered:
D:1:      amcnicky_arrival_double_pillar, layout_rooms,
          shapermc_ecumenical_altar_venn
D:2:      layout_basic, grunt_decor_fettered, minmay_tree_intersection
D:3:      layout_basic
D:4:      layout_basic, serial_shops, shop, shop,
          nicolae_shop_overgrown_old_shop, nicolae_stop_n_shop_1,
          nicolae_shop_bloodbath_and_beyond
D:5:      layout_rooms, old_standard_altar, vehumet_altar_wand_db, serial_shops,
          nicolae_diamond_shop, serial_bayou_pond_d, nrook_loot_triangle,
          hangedman_minor_gate_pass, uniq_sigmund

Skill      XL: |  1  2  3  4  5 |
---------------+----------------+-----
Invocations    | 1 2 |  2.8
Fighting       | 4 |  4.7
Axes           | 3 |  3.4
Evocations     | 1 |  1.3
Dodging        | 1 |  1.2
Throwing       | 1 |  1.0
Armour         | |  3.8
Shields        | |  3.8

Action                     |  1- 3 |  4- 6 || total
---------------------------+-------+-------++-------
  Melee: War axe           |    82 |   181 ||   263
  Throw: Stone             |       |     6 ||     6
 Invoke: Convert to Beogh  |       |     1 ||     1
    Use: Scroll            |     2 |     1 ||     3
         Potion            |       |     1 ||     1
 Armour: Scale mail        |    29 |       ||    29
         Chain mail        |    19 |   108 ||   127
         Skin              |       |    14 ||    14
  Dodge: Dodged            |    30 |    58 ||    88
  Block: Buckler           |    17 |    40 ||    57

Table legend: (Time is in decaauts)
 A = Elapsed time spent in this place.
 B = Non-inter-level travel time spent in this place.
 C = Inter-level travel time spent in this place.
 D = Time resting spent in this place.
 E = Time spent auto-exploring this place.
 F = Levels seen in this place.
 G = Mean time per level.
                   A        B        C        D        E       F      G
               +--------+--------+--------+--------+--------+-----+--------+
         Total |   4213 |   4213 |      0 |    542 |   1330 |   5 |  842.6 |
       Dungeon |   4213 |   4213 |      0 |    542 |   1330 |   5 |  842.6 |
               +--------+--------+--------+--------+--------+-----+--------+

Top non-repeatable levels by time:
     D:3: 1469 daAuts
     D:2: 1009 daAuts
     D:4: 987 daAuts
     D:1: 521 daAuts
     D:5: 225 daAuts
